 Dungeon Crawl Stone Soup version 0.18.1-50-g88ac8fd (webtiles) character file.

27 Gargoyl the Skirmisher (level 2, -6/24 HPs)
             Began as a Demonspawn Abyssal Knight on Sept 19, 2016.
             Was a Follower of Lugonu.
             Mangled by a worm (7 damage)
             ... on level 2 of the Dungeon.
             The game lasted 00:02:45 (1423 turns).

Gargoyl the Skirmisher (Demonspawn Abyssal Knight)  Turns: 1423, Time: 00:02:46

Health: -6/24      AC: 14    Str: 12    XL:     2   Next: 93%
Magic:  13/13      EV:  2    Int: 13    God:    Lugonu [*.....]
Gold:   54         SH:  0    Dex: 11    Spells: 0 memorised, 1 level left

rFire  . . .     SeeInvis .     a - +1 hand axe
rCold  . . .     Gourm    .     p - +0 plate armour
rNeg   . . .     Faith    .     (no shield)
rPois  .         Spirit   .     (no helmet)
rElec  .         Dismiss  .     (no cloak)
rCorr  .         Reflect  .     (no gloves)
SustAt .         Harm     .     (no boots)
MR     .....                    (no amulet)
Stlth  ..........               k - ring of magical power
                                b - ring of flight

@: heavily drained, not resistant to hostile enchantments, extremely unstealthy
A: rough black scales 1
a: Depart the Abyss, Renounce Religion, Evoke Flight


You were on level 2 of the Dungeon.
You worshipped Lugonu.
Lugonu was aware of your devotion.
You were not hungry.

You visited 1 branch of the dungeon, and saw 2 of its levels.
You visited the Abyss 1 time.

You collected 54 gold pieces.

Inventory:

Hand Weapons
 a - a +1 hand axe (weapon)
Armour
 p - a +0 plate armour (worn)
Jewellery
 b - a ring of flight (left hand)
 k - a ring of magical power (right hand)
Scrolls
 e - a scroll of fear {unknown}
 f - a scroll of teleportation {unknown}
 h - 2 scrolls of identify {unknown}
 j - a scroll of enchant weapon {unknown}
 m - a scroll of immolation {unknown}
 n - a scroll of magic mapping {unknown}
 q - 2 scrolls of blinking {unknown}
Potions
 d - a potion of resistance
 g - a potion of degeneration {unknown}
 i - a potion of brilliance {unknown}
 l - 2 potions of curing {unknown}
 o - a potion of might {unknown}
 s - a potion of flight {unknown}
Comestibles
 c - 2 bread rations
 r - a chunk of flesh


   Skills:
 + Level 3.5(1.6) Fighting
 + Level 2.0(0.2) Axes
 * Level 2.2(0.4) Armour
 + Level 0.8(0.0) Dodging
 + Level 2.7(0.9) Invocations


You had one spell level left.
You didn't know any spells.

Dungeon Overview and Level Annotations

Branches:
Dungeon (2/15)

Altars:


Innate Abilities, Weirdness & Mutations

You are partially covered in rough black scales (AC +4, Dex -1).


Message History

The worm is lightly wounded.
The worm bites you but does no damage.
Your plate armour prevents you from hitting the worm.
The worm bites you.
You hit the worm.
The worm is moderately wounded.
The worm bites you.
You hit the worm.
The worm is heavily wounded.
You hit the worm.
The worm is severely wounded.
The worm bites you but does no damage.
Your plate armour prevents you from hitting the worm.
The worm is severely wounded.
The worm bites you!
* * * LOW HITPOINT WARNING * * *
You barely miss the worm.
The worm is severely wounded.
The worm bites you!
You die...

.# ##########. ...
.....# #.........#
#........
#.........###....... #
#.................. .#
#.........#....#.. ...
#.........#=##.#.# ....
#.....<...#.##.#.#.....
#........(#.##w@.......
#....?....(..)........#
###########...#.......#
#.#..........
#..##........#
#.#.......##.# ..
..#...... . ...
#.#....#.# ...#
..####.#.#


You could see a worm.

Vanquished Creatures
  2 giant geckos (D:1)
  2 bats (D:1)
  A goblin (D:1)
  4 hobgoblins (D:1)
  8 kobolds
  A giant newt (D:1)
  6 rats (D:1)
24 creatures vanquished.

Notes
Turn   | Place    | Note
--------------------------------------------------------------
     0 | Abyss:1  | Gargoyl the Demonspawn Abyssal Knight began the quest for the Orb.
     0 | Abyss:1  | Reached XP level 1. HP: 18/18 MP: 2/2
    62 | Abyss:1  | Noticed a naga mage
    98 | Abyss:1  | Noticed a smoke demon
    98 | D:1      | Escaped the Abyss
   121 | D:1      | Reached * piety under Lugonu
   423 | D:1      | Gained mutation: You are partially covered in rough black scales (AC +4, Dex -1). [demonic ancestry]
   423 | D:1      | Reached XP level 2. HP: 12/24 MP: 4/4
  1422 | D:2      | HP: 1/24 [worm (8)]
  1423 | D:2      | Mangled by a worm

Skill      XL: |  1  2 |
---------------+-------+-----
Armour         | 2 |  2.2
Axes           | 2 |  2.0
Fighting       | |  3.5
Dodging        | |  0.8
Invocations    | |  2.7

Action                   || total
-------------------------++-------
Melee: Hand axe          ||    93
Invok: Depart the Abyss  ||     1
  Use: Potion            ||     1
  Eat: Chunk             ||     2
Armor: Chain mail        ||    51
       Plate armour      ||    48
Dodge: Dodged            ||    27
